 Dungeon Crawl Stone Soup version 0.16.1-66-g04f09c5 (webtiles) character file.

10685 poirepourri the Fighter (level 11, -5/108 HPs)
             Began as a Deep Dwarf Berserker on Aug 11, 2015.
             Was a Priest of Trog.
             Slain by a 16-headed hydra (6 damage)
             ... on level 3 of the Lair of Beasts.
             The game lasted 00:27:23 (8962 turns).

poirepourri the Fighter (Deep Dwarf Berserker)      Turns: 8962, Time: 00:27:23

Health: -5/108     AC: 19    Str: 24    XL:     11   Next: 39%
Magic:  14/14      EV: 15    Int:  7    God:    Trog [***...]
Gold:   594        SH:  0    Dex: 13    Spells: 0 memorised, 10 levels left

rFire  . . .     SeeInvis .     a - +4 hand axe
rCold  . . .     Clarity  .     q - +3 scale mail
rNeg   + . .     SustAb   .     (no shield)
rPois  .         Gourm    .     I - +0 helmet
rElec  .         Spirit   .     y - +2 cloak
rCorr  .         Warding  .     f - +0 pair of gloves
rMut   .         Stasis   .     E - +0 pair of boots
MR     +++..                    (no amulet)
Stlth  +.........               (no ring)
                                e - ring of positive energy

@: exhausted, non-regenerating, slowed, very slow, extremely resistant to
hostile enchantments, very unstealthy
A: damage resistance, recharge devices, sense surroundings 2, slow healing 3
a: Device Recharging, Burn Spellbooks, Berserk, Trog's Hand, Renounce Religion


You were on level 3 of the Lair of Beasts.
You worshipped Trog.
Trog was most pleased with you.
You were not hungry.

You visited 2 branches of the dungeon, and saw 11 of its levels.

You collected 594 gold pieces.

Inventory:

Hand weapons
 a - a +4 hand axe (weapon)
Armour
 b - a +0 animal skin
 f - a +0 pair of gloves (worn)
 i - a +0 chain mail
 m - a +0 chain mail of cold resistance
 o - a +0 cloak
 q - a +3 scale mail (worn)
 y - a +2 cloak (worn)
 E - a +0 pair of boots (worn)
 I - a +0 helmet (worn)
Jewellery
 e - a ring of positive energy (left hand)
 x - a cursed ring of loudness
Magical devices
 c - a wand of heal wounds (0)
 l - a wand of digging (6)
 v - a wand of heal wounds (0)
 B - a wand of confusion (18)
 D - a wand of digging (10)
 G - a wand of disintegration (6)
 J - a wand of slowing (16)
Scrolls
 g - 5 scrolls of remove curse
 j - a scroll of amnesia
 k - 4 scrolls of fog
 r - 5 scrolls of teleportation
 u - 4 scrolls of identify
Potions
 h - 2 potions of magic
 p - a potion of agility
 s - 3 potions of brilliance
 w - 2 potions of flight
 z - a potion of mutation
 C - a potion of might
 F - 2 potions of resistance
 H - a potion of restore abilities
 K - a potion of curing
Comestibles
 d - 6 bread rations
 n - 4 meat rations
 t - 2 fruits
 A - 6 beef jerkies


   Skills:
 * Level 10.1 Fighting
 + Level 10.0 Axes
 + Level 9.3 Armour
 + Level 9.3 Dodging
 + Level 2.2 Stealth
 + Level 1.9 Evocations


You had 10 spell levels left.
You didn't know any spells.

Dungeon Overview and Level Annotations

Branches:
Dungeon (8/15)             Temple (0/1) D:5            Lair (3/8) D:8
  Swamp: Lair:3-6    Shoals: Lair:3-6     Snake: Lair:3-6    Spider: Lair:3-6

Altars:
Cheibriados
Dithmenos
Fedhas
Gozag
Makhleb
Nemelex Xobeh
Okawaru
Qazlal
Ru
Sif Muna
Trog
Vehumet

Annotations:
Lair:2 exclusion: oklob plant


Innate Abilities, Weirdness & Mutations

You are resistant to damage.
You can recharge devices by infusing magical energy.
You passively map the area around you.
You do not heal naturally.


Message History

The 15-headed hydra completely misses you.
You feel a strong urge to attack something.
You lop one of the 15-headed hydra's heads off!
The 14-headed hydra grows two more!
You slash the 16-headed hydra!
The 16-headed hydra is lightly wounded.
You are no longer berserk.
You are exhausted.
You feel yourself slow down. The 16-headed hydra closely misses you.
The 16-headed hydra bites you but does no damage. x2
The 16-headed hydra barely misses you.
The 16-headed hydra bites you but does no damage.
The 16-headed hydra misses you. The 16-headed hydra bites you.
* * * LOW HITPOINT WARNING * * *
The 16-headed hydra bites you but does no damage.
The 16-headed hydra bites you.
* * * LOW HITPOINT WARNING * * *
The 16-headed hydra closely misses you. The 16-headed hydra bites you!
* * * LOW HITPOINT WARNING * * *
The 16-headed hydra bites you!
You die...

..###..<.......##.......###
##.. .........
*#..P..#.##....# ###..
.#....... #PP..# #...##
#...# .P.##P.. #P...#
###..####..# ...#* ...##
#..PP# #P..#..... #..#
#..PP#...P# ##........ ..##
#..P......#######.........
..#*
#P....#..D.#...............
...
......#P.@...............#
..
.....#####...##..........#
...
...).,##...##.P...........
.... ,
....##....P#.............
....,
..........##............
...., ,
.P......#...............
....., ,
...##..............., ,
P.... ,
,...,##..........#..,,
..... , ,, *###.###P##.#..
,


You could see a 16-headed hydra.

Vanquished Creatures
  3 spiny frogs
  A black mamba (Lair:2)
  A two-headed ogre (D:8)
  A fire drake (Lair:2)
  Prince Ribbit (D:4)
  4 basilisks (D:8)
  10 yaks
  Eustachio (D:5)
  4 wolves (Lair:2)
  3 hippogriffs
  10 porcupines
  An orc warrior (D:7)
  5 sky beasts
  7 water moccasins
  An ice beast (D:5)
  3 black bears
  3 ogres
  2 necrophages (D:6)
  8 crocodiles
  A centaur (D:7)
  Duvessa (D:6)
  5 giant frogs
  A scorpion (D:6)
  A centaur zombie (D:8)
  5 crimson imps
  5 hounds
  Dowan (D:6)
  An orc wizard (D:3)
  A giant frog skeleton (D:6)
  4 orc priests
  3 jellies
  Natasha (thrice) (D:5)
  4 iguanas
  4 worker ants
  A hound zombie (D:5)
  2 hound skeletons
  A mummy (D:8)
  10 adders
  7 river rats
  2 shadow imps
  4 ufetubi (D:5)
  An adder skeleton (D:5)
  7 orcs
  A bat skeleton (D:4)
  A bat zombie (D:7)
  3 giant cockroaches
  4 goblins
  13 hobgoblins
  10 jackals
  10 kobolds
  A ball python (D:7)
  8 bats
  2 giant geckos (D:3)
  A giant gecko zombie (D:7)
  4 giant newts
  A giant spore (D:6)
  A jackal skeleton (D:8)
  3 quokkas
  14 rats
  5 ballistomycetes (D:6)
  2 fungi (Lair:2)
228 creatures vanquished.

Vanquished Creatures (collateral kills)
  A hydra (Lair:2)
  3 yaks (D:8)
  A river rat (D:8)
5 creatures vanquished.

Vanquished Creatures (others)
  A black bear (D:8)
  A shadow imp (D:6)
  A giant cockroach (D:6)
  A giant spore (D:7)
  2 plants (D:8)
6 creatures vanquished.

Grand Total: 239 creatures vanquished

Notes
Turn   | Place    | Note
--------------------------------------------------------------
     0 | D:1      | poirepourri, the Deep Dwarf Berserker, began the quest for the Orb.
     0 | D:1      | Reached XP level 1. HP: 20/20 MP: 1/1
   452 | D:1      | Reached XP level 2. HP: 22/28 MP: 2/2
   597 | D:2      | Found a bloodstained altar of Trog.
   641 | D:2      | Acquired Trog's second power
  1126 | D:2      | Reached XP level 3. HP: 26/34 MP: 3/3
  1267 | D:3      | Reached XP level 4. HP: 18/43 MP: 4/4
  1395 | D:3      | Found a shadowy altar of Dithmenos.
  1591 | D:3      | Found an opulent altar of Gozag.
  1894 | D:3      | Reached XP level 5. HP: 38/50 MP: 5/5
  2002 | D:4      | Noticed Prince Ribbit
  2015 | D:4      | Reached skill level 4 in Axes
  2040 | D:4      | Killed Prince Ribbit
  2040 | D:4      | Reached XP level 6. HP: 30/58 MP: 6/6
  2143 | D:4      | Found an iron altar of Okawaru.
  2301 | D:4      | Found a sparkling altar of Nemelex Xobeh.
  2692 | D:5      | Entered Level 5 of the Dungeon
  2693 | D:5      | Noticed Natasha
  2715 | D:5      | Killed Natasha
  2724 | D:5      | Reached XP level 7. HP: 66/66 MP: 7/7
  2734 | D:5      | Gained mutation: You are resistant to hostile enchantments. [potion of beneficial mutation]
  2740 | D:5      | Noticed Natasha
  2755 | D:5      | Killed Natasha
  2759 | D:5      | Noticed Eustachio
  2764 | D:5      | Found a stormy altar of Qazlal.
  2803 | D:5      | Lost mutation: You are resistant to hostile enchantments. [potion of cure mutation]
  2828 | D:5      | Killed Eustachio
  2828 | D:5      | Reached skill level 5 in Fighting
  2828 | D:5      | Reached skill level 5 in Axes
  2862 | D:5      | Found a radiant altar of Vehumet.
  2868 | D:5      | Found a staircase to the Ecumenical Temple.
  2989 | D:5      | Found a deep blue altar of Sif Muna.
  3014 | D:5      | Reached skill level 5 in Armour
  3014 | D:5      | Reached skill level 5 in Dodging
  3126 | D:5      | Noticed Natasha
  3135 | D:5      | Killed Natasha
  3272 | D:5      | Found a burning altar of Makhleb.
  3272 | D:5      | Found a sacrificial altar of Ru.
  3514 | D:6      | Reached XP level 8. HP: 59/75 MP: 8/8
  3570 | D:6      | Reached skill level 1 in Stealth
  3647 | D:6      | Reached skill level 6 in Axes
  3677 | D:6      | Noticed Duvessa
  3678 | D:6      | Noticed Dowan
  3691 | D:6      | Killed Dowan
  3706 | D:6      | Killed Duvessa
  4225 | D:7      | Acquired Trog's third power
  4567 | D:7      | Found a blossoming altar of Fedhas.
  4669 | D:7      | Gained mutation: You passively map the area around you. [level up]
  4669 | D:7      | Reached XP level 9. HP: 63/85 MP: 9/9
  5108 | D:7      | Reached skill level 7 in Axes
  5214 | D:8      | Found a bloodstained altar of Trog.
  5486 | D:8      | Reached skill level 8 in Fighting
  5507 | D:8      | Reached XP level 10. HP: 67/96 MP: 11/11
  5513 | D:8      | Reached skill level 1 in Evocations
  5563 | D:8      | Found a staircase to the Lair.
  6284 | D:8      | Found a snail-covered altar of Cheibriados.
  6471 | Lair:1   | Entered Level 1 of the Lair of Beasts
  6585 | Lair:1   | Reached skill level 9 in Axes
  7330 | Lair:2   | Reached XP level 11. HP: 70/106 MP: 13/13
  7385 | Lair:2   | Noticed an oklob plant
  7814 | Lair:2   | Found a dark tunnel.
  8128 | Lair:2   | Noticed a black mamba
  8141 | Lair:2   | Killed a black mamba
  8141 | Lair:2   | Reached skill level 10 in Axes
  8175 | Lair:2   | Noticed an eight-headed hydra
  8188 | Lair:2   | Killed a 11-headed hydra
  8188 | Lair:2   | Reached skill level 10 in Fighting
  8942 | Lair:3   | Noticed an eight-headed hydra
  8962 | Lair:3   | HP: 1/108 [16-headed hydra (11)]
  8962 | Lair:3   | Slain by a 16-headed hydra

Action                   |  1- 3 |  4- 6 |  7- 9 | 10-12 || total
-------------------------+-------+-------+-------+-------++-------
Melee: Hand axe          |   108 |   146 |   423 |   429 ||  1106
Invok: Trog's Hand       |       |     2 |     9 |    18 ||    29
       Berserk           |       |     1 |     1 |     3 ||     5
       Brothers in Arms  |       |       |     1 |     1 ||     2
       Burn Spellbooks   |       |       |       |     1 ||     1
Evoke: Wand              |       |     3 |     7 |     5 ||    15
  Use: Scroll            |     5 |     2 |    12 |     7 ||    26
       Potion            |     1 |     9 |     6 |     3 ||    19
  Eat: Bread ration      |     1 |       |     1 |     3 ||     5
       Meat ration       |       |     1 |       |     1 ||     2
       Royal jelly       |       |     1 |       |       ||     1
       Pizza             |       |       |     1 |       ||     1
       Fruit             |       |       |     2 |     1 ||     3
